 Dungeon Crawl Stone Soup version 0.26.1-11-gd32895ea62 (webtiles) character file.

Game seed: 4249383978606700873

11416 Jerry the Grappler (level 11, -1/92 HPs)
             Began as a Troll Hunter on July 2, 2021.
             Slain by a cyclops (25 damage)
             ... on level 11 of the Dungeon.
             The game lasted 00:33:17 (11859 turns).

Jerry the Grappler (Troll Hunter)                  Turns: 11859, Time: 00:33:18

Health: -1/92      AC:  8    Str: 22    XL:     11   Next: 49%
Magic:  10/10      EV: 14    Int: 14    God:
Gold:   556        SH:  0    Dex: 12    Spells: 10/10 levels left

rFire    . . .     SeeInvis .     - Unarmed
rCold    + . .     Faith    .   (no shield)
rNeg     . . .     Spirit   .   b - +0 robe
rPois    .         Reflect  .   (helmet restricted)
rElec    .         Harm     .   F - +1 cloak
rCorr    .         Rampage  .   (gloves unavailable)
Will     .....                  (boots unavailable)
Stlth    +.........             (no amulet)
HPRegen  0.65/turn              H - +6 ring of intelligence
MPRegen  0.12/turn              y - ring of protection from cold

@: no status effects
A: large, unfitting armour, claws 3, regeneration 1, shaggy fur 1, tough skin 3
a: no special abilities


You were on level 11 of the Dungeon.
You visited 4 branches of the dungeon, and saw 14 of its levels.

You collected 616 gold pieces.
You spent 60 gold pieces at shops.

Inventory:

Hand Weapons
 m - a +3 short sword of speed
Missiles
 c - 5 large rocks
 d - 3 throwing nets (quivered)
Armour
 b - a +0 robe (worn)
 F - a +1 cloak (worn)
Jewellery
 y - a ring of protection from cold (right claw)
 H - a +6 ring of intelligence (left claw)
Wands
 a - a wand of random effects (71)
 v - a wand of enslavement (14)
 D - a wand of polymorph (8)
 E - a wand of digging (4)
 I - a wand of acid (11)
Scrolls
 e - 4 scrolls of teleportation
 h - 7 scrolls of remove curse
 n - a scroll of fog
 q - 3 scrolls of magic mapping
 r - a scroll of identify
 s - a scroll of amnesia
 t - 2 scrolls of enchant armour
 C - a scroll of immolation
Potions
 f - a potion of invisibility
 i - a potion of magic
 k - 5 potions of curing
 l - 2 potions of haste
 o - 4 potions of flight
 p - 2 potions of ambrosia
 u - a potion of resistance
 x - a potion of heal wounds
 z - 2 potions of might
 A - 2 potions of attraction


   Skills:
 - Level 1.5 Fighting
 - Level 3.6 Throwing
 + Level 9.1 Dodging
 - Level 0.3 Stealth
 * Level 14.3 Unarmed Combat


You had 10 spell levels left.
You didn't know any spells.
Your spell library contained the following spells:

 Spells                   Type           Power        Failure   Level
 Foxfire                  Conj/Fire      0%           28%         1
 Confusing Touch          Hex            0%           65%         3
 Conjure Flame            Conj/Fire      0%           65%         3
 Gell's Gravitas          Tloc           0%           65%         3
 Inner Flame              Hex/Fire       0%           65%         3
 Petrify                  Tmut/Erth      0%           96%         4
 Sticky Flame             Conj/Fire      0%           96%         4
 Fireball                 Conj/Fire      0%           100%        5
 Metabolic Englaciation   Hex/Ice        0%           100%        5
 Yara's Violent Unravell  Hex/Tmut       0%           100%        5


Dungeon Overview and Level Annotations

Branches:
Dungeon (11/15)            Temple (1/1) D:7            Lair (1/6) D:10
    Orc (1/2) D:10

Altars:
Ashenzari
Cheibriados
Dithmenos
Elyvilon
Fedhas
Gozag
Hepliaklqana
Kikubaaqudgha
Makhleb
Nemelex Xobeh
Okawaru
Qazlal
Ru
Sif Muna
Trog
Uskayaw
Vehumet
Wu Jian
Xom
Yredelemnul
Zin
The Shining One
Beogh

Shops:
D:7 :   D:8 !   D:10 *

Annotations:
D:9 3 runed translucent doors, grovkorv's ghost, novice GnAM


Innate Abilities, Weirdness & Mutations

You are too large for most types of armour.
You have claws for hands.
Your natural rate of healing is unusually fast.
You are covered in fur. (AC +1)
You have extremely tough skin. (AC +3)


Message History

The killer bee stings you!
You mangle the killer bee!!
You kill the killer bee!
No target in view!
Found 15 gold pieces.
A cyclops comes into view.
The cyclops throws a large rock.
The large rock hits you!!
Found a scroll of teleportation.
You see here a large rock.
The cyclops hits you!!
* * * LOW HITPOINT WARNING * * *
Okay, then.
Throw: 4 throwing nets
Press: ? - help, Q - select action, (/) - cycle Shift-Dir - straight line, f - cyclops
Aim: a cyclops, quivering 3 large rocks (85% to hit, immune to nets)
You throw a throwing net.
The throwing net barely misses the cyclops.
A scorpion comes into view.
The cyclops hits you!!
You die...

#≈≈≈≈≈≈≈≈≈.#.#
#≈≈≈≈≈≈≈≈≈.#.#
###.≈≈≈≈≈<≈≈...#
....#≈≈≈≈≈≈##..##
###..≈≈≈≈≈≈.......
.(#..≈≈≈≈≈.....>##
#.#...≈≈≈.####≈##
#######C#.###≈#.#<#≈≈≈##
#......@#.......#.≈≈≈≈≈#
..........#######≈≈≈≈≈≈≈
.?......(.# #≈≈≈≈≈≈≈≈
...............≈≈≈≈≈≈≈≈≈
.......$.#####≈≈≈≈≈≈≈≈≈≈
.........# ##≈≈≈≈≈≈≈≈≈
.........# .....≈≈≈≈≈
s......... ......≈≈≈≈≈
........#


You could see a cyclops and a scorpion.

Vanquished Creatures
  Josephine (D:10)
  Harold (D:10)
  A two-headed ogre (D:8)
  A cane toad (D:10)
  A gargoyle (D:10)
  A troll (D:9)
  A hornet (D:9)
  6 wraiths (D:10)
  4 yaks (D:10)
  8 orc warriors
  2 ice beasts
  3 sky beasts
  4 black bears
  A necrophage (D:6)
  An eye of draining (D:9)
  3 centaurs (D:9)
  6 ogres
  3 big kobolds
  10 bullfrogs
  4 scorpions
  13 killer bees
  16 wights
  A howler monkey (D:4)
  An electric eel (D:10)
  5 hounds
  7 orc priests
  3 bullfrog zombies
  3 centaur zombies
  3 jellies
  3 centaur skeletons
  20 orc wizards
  A gnoll shaman (D:10)
  An iguana (D:5)
  8 worker ants
  A killer bee zombie (D:10)
  A hound zombie (D:5)
  Robin (D:3)
  11 gnolls
  A worker ant zombie (D:5)
  10 adders
  2 white imps
  2 ufetubi
  2 oozes (D:4)
  2 adder skeletons
  2 dart slugs
  4 leopard geckos
  74 orcs
  2 ball pythons
  8 giant cockroaches
  20 goblins
  7 hobgoblins
  12 jackals
  9 quokkas
  6 bats
  5 frilled lizards
  24 kobolds
  2 leopard gecko skeletons
  2 leopard gecko zombies
  9 rats
  A butterfly (D:8)
367 creatures vanquished.

Vanquished Creatures (others)
  20 fungi
  19 plants
39 creatures vanquished.

Grand Total: 406 creatures vanquished

Notes
Turn   | Place    | Note
-------+----------+-------------------------------------------
     0 | D:1      | Jerry the Troll Hunter began the quest for the Orb.
     0 | D:1      | Reached XP level 1. HP: 19/19 MP: 0/0
    78 | D:1      | Reached skill level 1 in Unarmed Combat
   138 | D:1      | Reached XP level 2. HP: 27/27 MP: 1/1
   493 | D:1      | Reached skill level 2 in Unarmed Combat
   887 | D:2      | Reached XP level 3. HP: 33/33 MP: 2/2
  1390 | D:3      | Reached XP level 4. HP: 14/41 MP: 3/3
  1451 | D:3      | Reached skill level 3 in Unarmed Combat
  1521 | D:3      | Noticed Robin
  1618 | D:3      | Killed Robin
  1684 | D:3      | Found a radiant altar of Vehumet.
  1750 | D:3      | Reached XP level 5. HP: 32/48 MP: 4/4
  1760 | D:3      | Reached skill level 4 in Unarmed Combat
  2223 | D:4      | Noticed an ogre
  2235 | D:4      | Killed an ogre
  2236 | D:4      | Reached XP level 6. HP: 40/55 MP: 5/5
  2290 | D:4      | Reached skill level 5 in Unarmed Combat
  2663 | D:4      | Reached XP level 7. HP: 62/62 MP: 6/6
  3108 | D:5      | Entered Level 5 of the Dungeon
  3157 | D:5      | Reached skill level 6 in Unarmed Combat
  4480 | D:6      | Reached skill level 7 in Unarmed Combat
  4560 | D:6      | Found a sparkling altar of Nemelex Xobeh.
  4741 | D:6      | Reached XP level 8. HP: 64/70 MP: 7/7
  4915 | D:6      | Reached skill level 5 in Dodging
  4915 | D:6      | Reached skill level 8 in Unarmed Combat
  5302 | D:6      | Found a blossoming altar of Fedhas.
  5853 | D:7      | Found Ylooch's Book Boutique.
  6118 | D:7      | Reached skill level 9 in Unarmed Combat
  6505 | D:7      | Reached XP level 9. HP: 76/76 MP: 8/8
  6688 | D:7      | Found a staircase to the Ecumenical Temple.
  6800 | Temple   | Entered the Ecumenical Temple
  7222 | D:8      | Found a runed translucent door.
  7229 | D:8      | Reached skill level 10 in Unarmed Combat
  7544 | D:8      | Found a shimmering altar of Xom.
  7560 | D:8      | Found Busaq's Distillery.
  7605 | D:8      | Bought a potion of might for 60 gold pieces
  7648 | D:8      | Found an iron altar of Okawaru.
  7649 | D:8      | Found a broken altar of Ashenzari.
  7656 | D:8      | Found a hide-covered altar of Uskayaw.
  7656 | D:8      | Found a shadowy altar of Dithmenos.
  7657 | D:8      | Found a hazy altar of Hepliaklqana.
  7661 | D:8      | Found a sacrificial altar of Ru.
  7662 | D:8      | Found an opulent altar of Gozag.
  7664 | D:8      | Found a white marble altar of Elyvilon.
  7953 | D:8      | Found a glowing golden altar of the Shining One.
  8153 | D:8      | Reached skill level 11 in Unarmed Combat
  8259 | D:8      | Found a roughly hewn altar of Beogh.
  8448 | D:9      | Found a runed translucent gate.
  8527 | D:9      | Found a runed translucent gate.
  8527 | D:9      | Found a runed translucent gate.
  8528 | D:9      | Noticed a kobold demonologist
  8528 | D:9      | Identified the +7 short sword of Anguish {venom, Str+4}
  8528 | D:9      | Noticed grovkorv's ghost (novice GnAM)
  8540 | D:9      | Reached XP level 10. HP: 85/85 MP: 9/9
  8640 | D:9      | Noticed a two-headed ogre
  8740 | D:8      | Killed a two-headed ogre
  8741 | D:8      | Reached skill level 12 in Unarmed Combat
  9203 | D:9      | Found a blossoming altar of Fedhas.
  9406 | D:10     | Entered Level 10 of the Dungeon
  9814 | D:10     | Noticed a gargoyle
  9823 | D:10     | Killed a gargoyle
 10219 | D:10     | Reached skill level 13 in Unarmed Combat
 10404 | D:10     | Found a staircase to the Lair.
 10462 | D:10     | Found a shadowy altar of Dithmenos.
 10552 | D:10     | Noticed Josephine
 10560 | D:10     | Killed Josephine
 10561 | D:10     | Reached XP level 11. HP: 82/92 MP: 10/10
 10791 | D:10     | Noticed Harold
 10800 | D:10     | Killed Harold
 10999 | D:10     | Found Tigru's General Store.
 11291 | D:10     | Reached skill level 14 in Unarmed Combat
 11384 | D:10     | Found a staircase to the Orcish Mines.
 11453 | Lair:1   | Entered Level 1 of the Lair of Beasts
 11457 | Lair:1   | Noticed a four-headed hydra
 11645 | Orc:1    | Entered Level 1 of the Orcish Mines
 11727 | Orc:1    | Noticed a deep elf mage
 11727 | Orc:1    | Noticed a deep elf mage
 11727 | Orc:1    | Noticed a deep elf mage
 11727 | Orc:1    | Noticed a deep elf mage
 11727 | Orc:1    | Noticed a deep elf mage
 11731 | Orc:1    | Noticed a deep elf mage
 11859 | D:11     | Slain by a cyclops

Illustrated notes

Levels and vault maps discovered:
D:1:      heliophobic_arrival_dark_side_of_the_moon, layout_basic,
          serial_park_tiny_1
D:2:      layout_rooms
D:3:      layout_loops_ring, vehumet_crystals, uniq_robin
D:4:      layout_basic
D:5:      layout_layer_cave, palyth_stone_intersect
D:6:      layout_layer_cave, nemelex_xobeh_ov_fountains_minmay,
          chequers_arboretum, fedhas_altar_2
D:7:      layout_loops_ring, temple_hall, serial_shops, nicolae_shop_waterfront
D:8:      layout_loops_cross, xom_butterflies, kennysheep_mini_moat, minitemple,
          serial_shops, nicolae_shop_statue_plus, lightli_church_of_beogh
D:9:      layout_cave_pools, kennysheep_little_box,
          gammafunk_ghost_nasty_kobolds
D:10:     layout_cave_pods, grunt_lair_entry_orc_guard_hut, erik_orc_2,
          serial_shops, shop, grunt_dithmenos_smoke, uniq_josephine, uniq_harold
D:11:     layout_basic, wad_mini_maze
Temple:   jpeg_temple_island
Lair:1:   layout_layer_cave, serial_bayou_shore_b
Orc:1:    layout_caves, basic_altar, elves_outpost_lemuel

Skill      XL: |  1  2  3  4  5  6  7  8  9 10 11 |
---------------+----------------------------------+-----
Unarmed Combat | 1 2 3 4 5 7 9 11 13 14 | 14.3
Dodging        | 2 3 4 5 7 8 9 |  9.1
Fighting       | |  1.5
Throwing       | |  3.6
Stealth        | |  0.3

Action                   |  1- 3 |  4- 6 |  7- 9 | 10-12 || total
-------------------------+-------+-------+-------+-------++-------
Melee: Short sword       |    55 |       |       |       ||    55
       Dagger            |    74 |   155 |    91 |       ||   320
       Punch             |       |     5 |    15 |    21 ||    41
       Unarmed           |       |       |   397 |   320 ||   717
Throw: Large rock        |       |       |     1 |    14 ||    15
       Throwing net      |       |       |       |     1 ||     1
Evoke: Wand              |       |       |       |     1 ||     1
  Use: Scroll            |     2 |       |     6 |    11 ||    19
       Potion            |       |       |     3 |       ||     3
 Stab: Sleeping          |     1 |       |     2 |       ||     3
Armor: Robe              |    66 |    49 |   111 |    69 ||   295
Dodge: Dodged            |    68 |    92 |   240 |   225 ||   625
